 Dungeon Crawl Stone Soup version 0.29-a0-275-g389c0b56f3 (webtiles) character file.

Game seed: 12161086498616400525

202 Murumi the Skirmisher (level 5, -16/59 HPs)
             Began as an Ogre Gladiator on Mar 12, 2022.
             Demolished by a tentacled starspawn (33 damage)
             ... on level 1 of the Abyss.
             The game lasted 00:10:06 (3896 turns).

Murumi the Skirmisher (Ogre Gladiator)              Turns: 3896, Time: 00:10:07

Health: -16/59     AC:  7    Str: 20    XL:     5   Next: 80%
Magic:  5/5        EV: 10    Int:  9    God:
Gold:   127        SH:  5    Dex: 10    Spells: 4/4 levels left

rFire   . . .      SeeInvis .   j - +0 whip
rCold   . . .      Faith    .   (no shield)
rNeg    + . .      Spirit   .   b - +0 robe
rPois   .          Reflect  +   c - +0 hat
rElec   .          Harm     .   (no cloak)
rCorr   .          Rampage  .   (gloves unavailable)
Will    .....                   (boots unavailable)
Stlth   +.........              q - amulet of reflection
HPRegen 0.19/turn               l - ring of positive energy
MPRegen 0.09/turn               d - +4 ring of protection

@: about to teleport
A: large, unfitting armour, tough skin 1
a: no special abilities


You were on level 1 of the Abyss.
You visited 1 branch of the dungeon, and saw 3 of its levels.
You visited the Abyss 1 time.

You collected 127 gold pieces.

Inventory:

Hand Weapons
 a - a +0 flail
 j - a +0 whip (weapon)
Missiles
 e - 2 large rocks (quivered)
 f - 10 stones
 h - 4 javelins
 n - 2 throwing nets
Armour
 b - a +0 robe (worn)
 c - a +0 hat (worn)
Jewellery
 d - a +4 ring of protection (right hand)
 l - a ring of positive energy (left hand)
 q - an amulet of reflection (around neck)
Potions
 i - a potion of ambrosia {unknown}
 o - a potion of attraction {unknown}
 p - a potion of invisibility {unknown}


   Skills:
 + Level 5.9 Fighting
 - Level 3.0 Maces & Flails
 - Level 3.0 Throwing
 - Level 1.0 Armour
 - Level 3.0 Dodging
 - Level 1.0 Stealth


You had 4 spell levels left.
You didn't know any spells.
Your spell library was empty.

Dungeon Overview and Level Annotations

Branches:
Dungeon (3/15)

Altars:


Innate Abilities, Weirdness & Mutations

You are too large for most types of armour.
You have tough skin. (AC +1)


Message History

You feel strangely unstable.
You feel the power of the Abyss delaying your translocation!
Tentacles burst from the starspawn's body! 2 starspawn tentacles come into view.
Unknown command.
You hit the starspawn tentacle but do no damage.
You barely miss the tentacled starspawn.
You barely miss the tentacled starspawn.
You hit the tentacled starspawn.
The tentacled starspawn is lightly damaged.
The tentacled starspawn bites you!
The tentacled starspawn barely misses you.
You hit the tentacled starspawn.
The tentacled starspawn is lightly damaged.
The tentacled starspawn completely misses you.
The tentacled starspawn tentacle-slaps you!!
You hit the tentacled starspawn but do no damage.
The tentacled starspawn is lightly damaged.
The tentacled starspawn bites you!
* * * LOW HITPOINT WARNING * * *
The tentacled starspawn misses you.
You feel much better.
The tentacled starspawn barely misses you.
You block the tentacled starspawn's attack.
Okay, then.
You hit the tentacled starspawn.
The tentacled starspawn is lightly damaged.
You block the tentacled starspawn's attack. x2
You hit the tentacled starspawn.
The tentacled starspawn is lightly damaged.
The tentacled starspawn barely misses you.
The tentacled starspawn closely misses you.
You barely miss the tentacled starspawn.
The tentacled starspawn is lightly damaged.
The tentacled starspawn bites you!!
* * * LOW HITPOINT WARNING * * *
The tentacled starspawn closely misses you.
You feel better. The tentacled starspawn bites you!!
Ouch! That really hurt!
You die...

. #. x## #
##..#. ...
# . . ##
#.#. #. .
.#.#### .
.##.
#...#.w###
.#..# .
#...#wX@#
# #.─X.#..
.######
...##.###
.# ..
..##..#...
#. .. ## #
# #.#..##
X.##.# # #
. #..
..#..# .#
## ####.#
# .# ###.#
...


You could see a tentacled starspawn and 2 starspawn tentacles.

Vanquished Creatures
  Natasha (thrice) (D:2)
  An orc wizard (D:3)
  4 adders (D:2)
  2 dart slugs (D:2)
  4 orcs (D:3)
  3 ball pythons
  6 endoplasms
  4 giant cockroaches
  5 goblins
  6 hobgoblins
  3 jackals (D:1)
  4 kobolds
  2 quokkas
  2 bats
  5 frilled lizards
  2 rats
56 creatures vanquished.

Vanquished Creatures (others)
  4 starspawn tentacles (Abyss:1)
4 creatures vanquished.

Grand Total: 60 creatures vanquished

Notes
Turn   | Place    | Note
-------+----------+-------------------------------------------
     0 | D:1      | Murumi the Ogre Gladiator began the quest for the Orb.
     0 | D:1      | Reached XP level 1. HP: 22/22 MP: 1/1
   311 | D:1      | Reached skill level 3 in Fighting
   370 | D:1      | Reached XP level 2. HP: 30/31 MP: 2/2
   777 | D:1      | Reached XP level 3. HP: 39/39 MP: 3/3
  1027 | D:2      | Reached skill level 4 in Fighting
  1142 | D:2      | Reached skill level 1 in Armour
  1288 | D:2      | Identified the +3 scale mail of Spite {+Blink rN+ Regen+}
  1733 | D:2      | Reached skill level 1 in Stealth
  1733 | D:2      | Reached XP level 4. HP: 48/48 MP: 4/4
  1914 | D:2      | Noticed Natasha
  1924 | D:2      | Killed Natasha
  1925 | D:2      | Reached skill level 5 in Fighting
  2273 | D:2      | Noticed Natasha
  2281 | D:2      | Killed Natasha
  2282 | D:2      | Reached XP level 5. HP: 52/57 MP: 5/5
  2983 | D:2      | Noticed Natasha
  3012 | D:2      | Killed Natasha
  3760 | D:3      | Cast into level 1 of the Abyss (orc priest)
  3801 | Abyss:1  | Noticed a tentacled starspawn
  3813 | Abyss:1  | Noticed a tentacled starspawn
  3863 | Abyss:1  | Noticed a tentacled starspawn
  3879 | Abyss:1  | Noticed a small abomination
  3896 | Abyss:1  | Demolished by a tentacled starspawn

Illustrated notes

Levels and vault maps discovered:
D:1:      dpeg_arrival_snail, layout_basic
D:2:      layout_loops_ring, minmay_tripent, uniq_natasha
D:3:      layout_rooms, nicolae_hepliaklqana_ecumenical_no_more,
          hellmonk_ecumenical_altar_blasted
Abyss:1:  base:
Temple

Skill      XL: |  1  2  3  4  5 |
---------------+----------------+-----
Fighting       | 3 4 5 |  5.9
Maces & Flails | 3 |  3.0
Dodging        | 3 |  3.0
Armour         | 1 |  1.0
Stealth        | 1 |  1.0
Throwing       | 3 |  3.0

Action                   |  1- 3 |  4- 6 || total
-------------------------+-------+-------++-------
Melee: Flail             |    38 |       ||    38
       Whip              |    77 |   100 ||   177
Throw: Stone             |    77 |    40 ||   117
       Throwing net      |     3 |     4 ||     7
       Large rock        |     1 |     9 ||    10
  Use: Scroll            |     7 |     1 ||     8
       Potion            |       |     2 ||     2
 Stab: Sleeping          |     1 |     1 ||     2
Armor: Robe              |    27 |    33 ||    60
Dodge: Dodged            |    53 |    43 ||    96
Block: Other             |       |     3 ||     3

Table legend: (Time is in decaauts)
 A = Elapsed time spent in this place.
 B = Non-inter-level travel time spent in this place.
 C = Inter-level travel time spent in this place.
 D = Time resting spent in this place.
 E = Time spent auto-exploring this place.
 F = Levels seen in this place.
 G = Mean time per level.
                   A        B        C        D        E       F      G
               +--------+--------+--------+--------+--------+-----+--------+
         Total |   3911 |   3758 |    153 |    221 |   2917 |   4 |  977.8 |
       Dungeon |   3775 |   3622 |    153 |    221 |   2877 |   3 | 1258.3 |
         Abyss |    135 |    135 |      0 |      0 |     40 |   1 |  135.0 |
               +--------+--------+--------+--------+--------+-----+--------+

Top non-repeatable levels by time:
     D:2: 2283 daAuts
     D:1: 1000 daAuts
     D:3: 490 daAuts
 Abyss:1: 135 daAuts
